 Dungeon Crawl Stone Soup version 0.23-a0-650-ga4d50d4 (webtiles) character file.

1701 TheGoonsmith the Spear-Bearer (level 9, 0/68 HPs)
             Began as a Merfolk Skald on Jan 4, 2019.
             Was a Follower of Yredelemnul.
             Slain by Harold
             ... wielding a +2 short sword of flaming
              (1 damage)
             ... on level 7 of the Dungeon.
             The game lasted 00:16:15 (6649 turns).

TheGoonsmith the Spear-Bearer (Merfolk Skald)       Turns: 6649, Time: 00:16:16

Health: 0/68       AC:  6    Str: 11    XL:     9   Next: 3%
Magic:  14/22      EV: 23    Int: 14    God:    Yredelemnul [*.....]
Gold:   368        SH:  0    Dex: 20    Spells: 6/14 levels left

rFire    . . .     SeeInvis .   r - +0 trident
rCold    . . .     Gourm    .   (no shield)
rNeg     . . .     Faith    .   m - +0 leather armour
rPois    .         Spirit   .   (no helmet)
rElec    .         Reflect  .   (no cloak)
rCorr    +         Harm     .   (no gloves)
MR       .....                  c - +2 pair of boots
Stlth    +++.......             (no amulet)
HPRegen  0.21/turn              g - ring of resist corrosion
MPRegen  0.18/turn              i - ring of magical power

@: agile, marked, infused
A: change form in water, swift swim, stealthy swim
a: Animate Remains, Renounce Religion


You were on level 7 of the Dungeon.
You worshipped Yredelemnul.
Yredelemnul was aware of your devotion.
You were very hungry.

You visited 1 branch of the dungeon, and saw 7 of its levels.

You collected 368 gold pieces.

Inventory:

Hand Weapons
 a - a +1 spear
 b - a +0 hunting sling
 r - a +0 trident (weapon)
Missiles
 o - 105 sling bullets
 p - 126 stones (quivered)
Armour
 c - a +2 pair of boots (worn)
 m - a +0 leather armour (worn)
 n - a -1 ring mail
Jewellery
 g - a ring of resist corrosion (left hand)
 i - a ring of magical power (right hand)
Wands
 l - a wand of enslavement (7)
 w - a wand of polymorph (15)
Scrolls
 d - 4 scrolls of enchant weapon
 e - 2 scrolls of identify
 q - 2 scrolls of teleportation
 s - 2 scrolls of amnesia
Potions
 h - 4 potions of curing
 j - a potion of mutation {unknown}
 t - a potion of ambrosia
 u - a potion of flight {unknown}
Comestibles
 f - 14 rations


   Skills:
 - Level 5.1 Fighting
 + Level 10.2 Polearms
 - Level 0.6 Armour
 + Level 8.4 Dodging
 - Level 3.2 Spellcasting
 - Level 5.1 Charms


You had 6 spell levels left.
You knew the following spells:

 Your Spells              Type           Power        Failure   Level  Hunger
a - Infusion              Chrm           ###.         3%          1    #......
c - Shroud of Golubria    Chrm/Tloc      #.........   14%         2    ##.....
s - Song of Slaying       Chrm           ###.....     4%          2    ##.....
z - Spectral Weapon       Hex/Chrm       #.......     28%         3    ###....

Your spell library contained the following spells:

 Spells                   Type           Power        Failure   Level  Hunger
 Regeneration             Chrm/Necr      #.........   28%         3    ###....


Dungeon Overview and Level Annotations

Branches:
Dungeon (7/15)             Temple (0/1) D:7

Altars:
Cheibriados
Elyvilon
Fedhas
Sif Muna
Uskayaw
Yredelemnul

Annotations:
D:3 3 runed doors, lyrin's ghost, amateur MfSk
D:7 Harold


Message History

You feel agile all of a sudden. Harold closely misses you.
You hit Harold!
Harold is heavily wounded.
Your spectral weapon hits Harold but does no damage.
Harold hits you with a +2 short sword of flaming!
* * * LOW HITPOINT WARNING * * *
Harold burns you.
* * * LOW HITPOINT WARNING * * *
You hit Harold.
Harold is heavily wounded.
Your spectral weapon hits Harold but does no damage.
You puncture Harold!
Harold is heavily wounded.
Your spectral weapon hits Harold but does no damage.
Harold hits you with a +2 short sword of flaming!
* * * LOW HITPOINT WARNING * * *
Harold burns you.
You die...
Your body rises from the dead as a mindless zombie.

#. #. ###. #...##
...## #(@## ##(@.#
#...#...... # ##.###
..... #.. ###. ##..#
.... ..# #...###..##
... .. ........## ..
#. #####...#####. .
#.## ##...........
###..###......#....#


You could see Harold and a friendly spectral +0 trident.

Vanquished Creatures
  A hippogriff (D:5)
  Sigmund (D:6)
  A water moccasin (D:7)
  A black bear (D:6)
  An ice beast (D:7)
  3 centaurs
  A bullfrog (D:6)
  A scorpion (D:4)
  An electric eel (D:6)
  A crimson imp (D:6)
  4 hounds
  2 orc priests
  2 jellies
  4 orc wizards
  2 iguanas
  4 worker ants
  A howler monkey skeleton (D:5)
  6 adders
  2 oozes
  2 worms
  3 dart slugs
  A leopard gecko (D:4)
  15 orcs
  3 bats
  5 giant cockroaches
  8 goblins
  4 hobgoblins
  4 jackals (D:3)
  5 kobolds
  3 quokkas
  2 ball pythons (D:4)
  4 frilled lizards
  9 rats
  A spectral orc (D:2)
108 creatures vanquished.

Vanquished Creatures (others)
  2 orc wizards (D:6)
  An orc zombie (D:7)
3 creatures vanquished.

Grand Total: 111 creatures vanquished

Notes
Turn   | Place    | Note
-------+----------+-------------------------------------------
     0 | D:1      | TheGoonsmith the Merfolk Skald began the quest for the Orb.
     0 | D:1      | Reached XP level 1. HP: 16/16 MP: 3/3
   197 | D:1      | Reached XP level 2. HP: 13/23 MP: 5/5
   989 | D:2      | Reached skill level 4 in Polearms
  1008 | D:2      | Reached XP level 3. HP: 27/29 MP: 6/6
  1208 | D:2      | Reached skill level 5 in Polearms
  1226 | D:2      | Reached XP level 4. HP: 10/35 MP: 0/7
  1638 | D:2      | You fall through a shaft for 2 floors!
  1677 | D:3      | Reached skill level 6 in Polearms
  1904 | D:3      | Learned a level 2 spell: Song of Slaying
  1908 | D:3      | Learned a level 3 spell: Spectral Weapon
  1945 | D:3      | Reached XP level 5. HP: 39/41 MP: 4/8
  2195 | D:3      | Learned a level 2 spell: Shroud of Golubria
  2513 | D:2      | Found a basalt altar of Yredelemnul.
  2613 | D:2      | Became a worshipper of Yredelemnul the Dark
  2741 | D:3      | Found a runed gate.
  2741 | D:3      | Found a runed gate.
  2741 | D:3      | Found a runed gate.
  2746 | D:3      | Noticed lyrin's ghost (amateur MfSk)
  2837 | D:3      | Reached XP level 6. HP: 47/47 MP: 5/9
  3244 | D:4      | Reached skill level 7 in Polearms
  3707 | D:4      | Found a blossoming altar of Fedhas.
  3707 | D:4      | Found a hide-covered altar of Uskayaw.
  3729 | D:4      | Reached XP level 7. HP: 17/52 MP: 7/11
  3958 | D:4      | Found a white marble altar of Elyvilon.
  3958 | D:4      | Found a deep blue altar of Sif Muna.
  3961 | D:4      | Found a snail-covered altar of Cheibriados.
  4247 | D:5      | Entered Level 5 of the Dungeon
  4302 | D:5      | Found a snail-covered altar of Cheibriados.
  4759 | D:5      | Noticed a hippogriff
  4787 | D:5      | Killed a hippogriff
  4787 | D:5      | Reached skill level 8 in Polearms
  4787 | D:5      | Reached skill level 5 in Dodging
  4787 | D:5      | Reached skill level 5 in Charms
  5134 | D:6      | Reached * piety under Yredelemnul
  5214 | D:6      | Noticed Sigmund
  5220 | D:6      | Killed Sigmund
  5220 | D:6      | Reached XP level 8. HP: 60/60 MP: 12/12
  5469 | D:6      | Reached skill level 9 in Polearms
  6126 | D:7      | Found a staircase to the Ecumenical Temple.
  6211 | D:7      | Reached skill level 5 in Fighting
  6249 | D:7      | Reached skill level 10 in Polearms
  6259 | D:7      | Reached XP level 9. HP: 4/68 MP: 11/13
  6273 | D:7      | HP: 3/68 [poisoned by a water moccasin]
  6633 | D:7      | Noticed Harold
  6649 | D:7      | HP: 1/68 [Harold/+2 short sword of flaming (12)]
  6649 | D:7      | Slain by Harold

Vault maps used:
D:1:      lightli_arrival_quake
D:2:      yredelemnul_forgotten_temple_becter, first_ration
D:3:      ebering_ghost_rock_garden
D:4:      grunt_temple_overflow_open, hex_large
D:5:      moated_statue, minivault_11, kennysheep_slug_shrine
D:6:      fountainhead, uniq_sigmund
D:7:      statuecave_lemuel, minmay_temple_entry_mini_moons, uniq_harold

Skill      XL: |  1  2  3  4  5  6  7  8 |
---------------+-------------------------+-----
Fighting       | 3 5 |  5.1
Polearms       | 4 5 6 7 8 10 | 10.2
Charms         | 4 5 |  5.1
Dodging        | 3 4 6 8 |  8.4
Spellcasting   | 3 |  3.2
Armour         | |  0.6

Action                   |  1- 3 |  4- 6 |  7- 9 || total
-------------------------+-------+-------+-------++-------
Melee: Spear             |    84 |   133 |       ||   217
       Trident           |       |   104 |   178 ||   282
 Cast: Infusion          |     5 |    17 |    11 ||    33
       Shroud of Golubri |       |     3 |    11 ||    14
       Song of Slaying   |       |     2 |     1 ||     3
       Spectral Weapon   |       |       |     3 ||     3
Invok: Animate Remains   |       |       |     1 ||     1
  Use: Scroll            |     3 |     5 |     4 ||    12
       Potion            |       |     8 |     4 ||    12
  Eat: Chunk             |       |     9 |     7 ||    16
       Ration            |       |       |     1 ||     1
Armor: Leather armour    |     8 |       |       ||     8
       Ring mail         |     6 |   112 |    58 ||   176
Dodge: Dodged            |    39 |   187 |    94 ||   320

Table legend:
 A = Non-vault XP
 B = Vault XP
 C = Vault XP percentage of total XP
 D = Non-vault monster count
 E = Vault monster count
 F = Vault count percentage of total count
                 A         B        C        D         E       F
            +---------+---------+-------+---------+---------+-------
      Total |    2203 |     228 |   9.4 |     105 |       3 |   2.8
            +---------+---------+-------+---------+---------+-------
        D:1 |      28 |       0 |   0.0 |      14 |       0 |   0.0
        D:2 |      92 |       1 |   1.1 |      24 |       1 |   4.0
        D:3 |     219 |       0 |   0.0 |      20 |       0 |   0.0
        D:4 |     304 |       0 |   0.0 |      18 |       0 |   0.0
        D:5 |     306 |       4 |   1.3 |       4 |       1 |  20.0
        D:6 |     822 |     223 |  21.3 |      19 |       1 |   5.0
        D:7 |     432 |       0 |   0.0 |       6 |       0 |   0.0
            +---------+---------+-------+---------+---------+-------
